| TOP OF THE 1ST |
|
Seattle Mariners batting - Pitching for Boston Red Sox : RHP Karel Heuvelink
|
|
Pitching: RHP Karel Heuvelink
|
|
|
Batting: LHB John Zumbo
|
0-0: Fly out, F8 (Flyball, 8RD, EV 102.5 MPH)
|
|
Batting: LHB Bi-jun Chien
|
0-0: Ball 1-0: Ball 2-0: Foul Ball, location: 2F 2-1: Ball 3-1: Fly out, F6 (Popup, 6D, EV 69.4 MPH)
|
|
Batting: SHB Floyd-William Goof
|
0-0: Ball 1-0: Swinging Strike 1-1: DOUBLE (Line Drive, 7LS, EV 110.0 MPH)
|
|
Batting: SHB Tze-meng Gan
|
0-0: Ball 1-0: Called Strike 1-1: SINGLE (Groundball, 13S, EV 76.3 MPH) (infield hit) Floyd-William Goof to third
|
|
Batting: RHB Steve Bartman Jr.
|
0-0: Called Strike 0-1: Ball 1-1: Ball 2-1: Called Strike 2-2: Fly out, F7 (Flyball, 7, EV 85.6 MPH)
|
| Top of the 1st over - 0 runs, 2 hits, 0 errors, 2 left on base; Seattle 0 - Boston 0 |
| BOTTOM OF THE 1ST |
|
Boston Red Sox batting - Pitching for Seattle Mariners : RHP Bas Kooy
|
|
Pitching: RHP Bas Kooy
|
|
|
Batting: SHB Robbie Rogers
|
0-0: Ball 1-0: Swinging Strike 1-1: Foul Ball, location: 2F 1-2: Foul Ball, location: 2F 1-2: Ball 2-2: Foul Ball, location: 2F 2-2: Ground out 6-3 (Groundball, 6M, EV 107.5 MPH)
|
|
Batting: LHB Xavier Pittman
|
0-0: Called Strike 0-1: Swinging Strike 0-2: Foul Ball, location: 2F 0-2: Ball 1-2: Ball 2-2: Foul Ball, location: 2F 2-2: Ground out 6-3 (Groundball, 6, EV 104.4 MPH)
|
|
Batting: SHB Mark Rennie
|
0-0: Ball 1-0: SINGLE (Line Drive, 8LS, EV 109.4 MPH)
|
|
Batting: LHB Brian Gray
|
0-0: Called Strike 0-1: Ball 1-1: Ball 2-1: Called Strike 2-2: Strikes out swinging
|
| Bottom of the 1st over - 0 runs, 1 hit, 0 errors, 1 left on base; Seattle 0 - Boston 0 |
| TOP OF THE 2ND |
|
Seattle Mariners batting - Pitching for Boston Red Sox : RHP Karel Heuvelink
|
|
Batting: RHB Corey Ottinger
|
0-0: Foul Ball, location: 2F 0-1: Ball 1-1: Foul Ball, location: 2F 1-2: Foul Ball, location: 2F 1-2: Strikes out swinging
|
|
Batting: RHB Ivan Colon
|
0-0: Foul Ball, location: 2F 0-1: Fly out, F8 (Flyball, 8RXD, EV 110.0 MPH)
|
|
Batting: RHB Jonathan Rangel
|
0-0: Called Strike 0-1: Ball 1-1: Foul Ball, location: 2F 1-2: Ball 2-2: Ball 3-2: Foul Ball, location: 2F 3-2: SINGLE (Flyball, 9LM, EV 96.3 MPH)
|
|
Batting: RHB Young-kwang Ohnn
|
0-0: Ball 1-0: Fly out, F8 (Flyball, 8RS, EV 97.5 MPH)
|
| Top of the 2nd over - 0 runs, 1 hit, 0 errors, 1 left on base; Seattle 0 - Boston 0 |
| BOTTOM OF THE 2ND |
|
Boston Red Sox batting - Pitching for Seattle Mariners : RHP Bas Kooy
|
|
Batting: LHB Ernesto Cedillos
|
0-0: Ball 1-0: DOUBLE (Line Drive, 78XD, EV 104.4 MPH)
|
|
Batting: RHB Manny Vergara
|
0-0: Ball 1-0: Called Strike 1-1: Ball 2-1: Fly out, F4 (Popup, 6M, EV 57.5 MPH)
|
|
Batting: LHB Shoichi Aso
|
0-0: Ball 1-0: Ball 2-0: Ball 3-0: Base on Balls
|
|
Batting: SHB Greg Prime
|
0-0: Ball 1-0: Ball Wild Pitch! Ernesto Cedillos to third Shoichi Aso to second 2-0: Called Strike 2-1: Swinging Strike 2-2: Ball 3-2: Foul Ball, location: 2F 3-2: Ground out 4-3 (Groundball, 4, EV 87.5 MPH) Ernesto Cedillos scores Shoichi Aso to third
|
|
Batting: RHB Won-jun Park
|
0-0: Called Strike 0-1: Foul Ball, location: 2F 0-2: Ball 1-2: Ball 2-2: Ground out 4-3 (Groundball, 34D, EV 103.8 MPH)
|
| Bottom of the 2nd over - 1 run, 1 hit, 0 errors, 1 left on base; Seattle 0 - Boston 1 |
| TOP OF THE 3RD |
|
Seattle Mariners batting - Pitching for Boston Red Sox : RHP Karel Heuvelink
|
|
Batting: LHB John Zumbo
|
0-0: Ball 1-0: Called Strike 1-1: Swinging Strike 1-2: Strikes out looking
|
|
Batting: LHB Bi-jun Chien
|
0-0: Ball 1-0: Ball 2-0: Foul Ball, location: 2F 2-1: Ball 3-1: Swinging Strike 3-2: Foul Ball, location: 2F 3-2: Strikes out swinging
|
|
Batting: SHB Floyd-William Goof
|
0-0: Ball 1-0: DOUBLE (Groundball, 5D, EV 103.1 MPH)
|
|
Batting: SHB Tze-meng Gan
|
0-0: Called Strike 0-1: Ball 1-1: Foul Ball, location: 2F 1-2: Foul Ball, location: 2F 1-2: Foul Ball, location: 2F 1-2: Ball 2-2: SINGLE (Flyball, 8LS, EV 93.8 MPH) Floyd-William Goof to third Runner from 3rd tries for Home, throw by CF and OUT! 8-2
|
| Top of the 3rd over - 0 runs, 2 hits, 0 errors, 1 left on base; Seattle 0 - Boston 1 |
| BOTTOM OF THE 3RD |
|
Boston Red Sox batting - Pitching for Seattle Mariners : RHP Bas Kooy
|
|
Batting: SHB Robbie Rogers
|
0-0: Foul Ball, location: 2F 0-1: Ball 1-1: Ground out 4-3 (Groundball, 4M, EV 105.6 MPH)
|
|
Batting: LHB Xavier Pittman
|
0-0: Ball 1-0: Ball 2-0: Foul Ball, location: 2F 2-1: Swinging Strike 2-2: Strikes out swinging
|
|
Batting: SHB Mark Rennie
|
0-0: Ground out U3 (Groundball, 3S, EV 73.1 MPH)
|
| Bottom of the 3rd over - 0 runs, 0 hits, 0 errors, 0 left on base; Seattle 0 - Boston 1 |
| TOP OF THE 4TH |
|
Seattle Mariners batting - Pitching for Boston Red Sox : RHP Karel Heuvelink
|
|
Batting: RHB Steve Bartman Jr.
|
0-0: Swinging Strike 0-1: Swinging Strike 0-2: Fly out, F8 (Flyball, 8LD, EV 103.8 MPH)
|
|
Batting: RHB Corey Ottinger
|
0-0: Foul Ball, location: 2F 0-1: Ball 1-1: SINGLE (Groundball, 34D, EV 106.3 MPH)
|
|
Batting: RHB Ivan Colon
|
0-0: Ball 1-0: Called Strike 1-1: Foul Ball, location: 2F 1-2: Ball 2-2: Ball 3-2: Fly out, F8 (Flyball, 8RXD, EV 104.4 MPH)
|
|
Batting: RHB Jonathan Rangel
|
0-0: Called Strike 0-1: Called Strike 0-2: Ball 1-2: Strikes out looking
|
| Top of the 4th over - 0 runs, 1 hit, 0 errors, 1 left on base; Seattle 0 - Boston 1 |
| BOTTOM OF THE 4TH |
|
Boston Red Sox batting - Pitching for Seattle Mariners : RHP Bas Kooy
|
|
Batting: LHB Brian Gray
|
0-0: Swinging Strike 0-1: Fly out, F7 (Line Drive, 7, EV 91.3 MPH)
|
|
Batting: LHB Ernesto Cedillos
|
0-0: Foul Ball, location: 2F 0-1: Ball 1-1: Foul Ball, location: 2F 1-2: Ball 2-2: Foul Ball, location: 2F 2-2: Ground out U3 (Groundball, 34, EV 80.6 MPH)
|
|
Batting: RHB Manny Vergara
|
0-0: Foul Ball, location: 2F 0-1: Ground out 6-3 (Groundball, 56, EV 79.4 MPH)
|
| Bottom of the 4th over - 0 runs, 0 hits, 0 errors, 0 left on base; Seattle 0 - Boston 1 |
| TOP OF THE 5TH |
|
Seattle Mariners batting - Pitching for Boston Red Sox : RHP Karel Heuvelink
|
|
Batting: RHB Young-kwang Ohnn
|
0-0: Ball 1-0: Called Strike 1-1: Ball 2-1: DOUBLE (Line Drive, 89D, EV 106.9 MPH)
|
|
Batting: LHB John Zumbo
|
0-0: Ball 1-0: Fly out, F5 (Popup, 5SF, EV 79.4 MPH)
|
|
Batting: LHB Bi-jun Chien
|
0-0: Called Strike Young-kwang Ohnn steals 3rd base 0-1: Ball 1-1: Ball 2-1: SINGLE (Line Drive, 6MD, EV 96.3 MPH) Young-kwang Ohnn scores
|
|
Batting: SHB Floyd-William Goof
|
0-0: Ball Bi-jun Chien is caught stealing 2nd base 2-6 1-0: Ball 2-0: Called Strike 2-1: Foul Ball, location: 2F 2-2: Ground out 6-3 (Groundball, 6M, EV 99.4 MPH)
|
| Top of the 5th over - 1 run, 2 hits, 0 errors, 0 left on base; Seattle 1 - Boston 1 |
| BOTTOM OF THE 5TH |
|
Boston Red Sox batting - Pitching for Seattle Mariners : RHP Bas Kooy
|
|
Batting: LHB Shoichi Aso
|
0-0: Called Strike 0-1: Swinging Strike 0-2: Ball 1-2: Strikes out swinging
|
|
Batting: SHB Greg Prime
|
0-0: Called Strike 0-1: Called Strike 0-2: Ball 1-2: Strikes out swinging
|
|
Batting: RHB Won-jun Park
|
0-0: Called Strike 0-1: Swinging Strike 0-2: Hit by Pitch
|
|
Batting: SHB Robbie Rogers
|
0-0: Ball Won-jun Park is caught stealing 2nd base 2-6
|
| Bottom of the 5th over - 0 runs, 0 hits, 0 errors, 0 left on base; Seattle 1 - Boston 1 |
| TOP OF THE 6TH |
|
Seattle Mariners batting - Pitching for Boston Red Sox : RHP Karel Heuvelink
|
|
Batting: SHB Tze-meng Gan
|
0-0: Ball 1-0: Fly out, F5 (Popup, 5SF, EV 77.5 MPH)
|
|
Batting: RHB Steve Bartman Jr.
|
0-0: Foul Ball, location: 2F 0-1: Ball 1-1: Ball 2-1: Foul Ball, location: 2F 2-2: Ball 3-2: Foul Ball, location: 2F 3-2: Base on Balls
|
|
Batting: RHB Corey Ottinger
|
0-0: Ball 1-0: Called Strike 1-1: Called Strike 1-2: DOUBLE (Line Drive, 3D, EV 100.6 MPH) Steve Bartman Jr. to third Runner from 3rd tries for Home, SAFE, throw by RF to trailing runner, SAFE at third!
|
|
Batting: RHB Ivan Colon
|
0-0: Called Strike 0-1: Ball 1-1: Swinging Strike 1-2: Foul Ball, location: 2F 1-2: Ball 2-2: SINGLE (Groundball, 56D, EV 98.1 MPH) Corey Ottinger scores
|
|
Pitching: RHP Edgar Saldivar
|
|
|
Batting: RHB Jonathan Rangel
|
0-0: Fly out, F8 (Flyball, 8RS, EV 93.1 MPH)
|
|
Batting: RHB Young-kwang Ohnn
|
0-0: Called Strike 0-1: TRIPLE (Flyball, 78XD, EV 106.3 MPH) Ivan Colon scores
|
|
Batting: LHB John Zumbo
|
0-0: Called Strike 0-1: Called Strike 0-2: Ball 1-2: Foul Ball, location: 2F 1-2: Ball 2-2: Strikes out swinging
|
| Top of the 6th over - 3 runs, 3 hits, 0 errors, 1 left on base; Seattle 4 - Boston 1 |
| BOTTOM OF THE 6TH |
|
Boston Red Sox batting - Pitching for Seattle Mariners : RHP Bas Kooy
|
|
Batting: SHB Robbie Rogers
|
0-0: Ball 1-0: Ball 2-0: Called Strike 2-1: Swinging Strike 2-2: SINGLE (Line Drive, 6D, EV 94.4 MPH)
|
|
Batting: LHB Xavier Pittman
|
0-0: Ball 1-0: Ball 2-0: Ball 3-0: Called Strike 3-1: SINGLE (Line Drive, 8LS, EV 103.8 MPH) Robbie Rogers to second
|
|
Batting: SHB Mark Rennie
|
0-0: Ball 1-0: Ball 2-0: Fly out, F9 (Flyball, 89XD, EV 97.5 MPH) Runner from 2nd tags up, SAFE at 3rd, no throw by RF
|
|
Batting: LHB Brian Gray
|
0-0: Ball 1-0: Fielders Choice at 2nd, 4-6 (Groundball, 34, EV 86.3 MPH) Robbie Rogers scores
|
|
Batting: LHB Ernesto Cedillos
|
0-0: Ball 1-0: Ground out 4-3 (Groundball, 34, EV 102.5 MPH)
|
| Bottom of the 6th over - 1 run, 2 hits, 0 errors, 1 left on base; Seattle 4 - Boston 2 |
| TOP OF THE 7TH |
|
Seattle Mariners batting - Pitching for Boston Red Sox : RHP Edgar Saldivar
|
|
Pitching: LHP Zack McGovern
|
|
|
Batting: LHB Bi-jun Chien
|
0-0: Ball 1-0: Ball 2-0: Swinging Strike 2-1: Ball 3-1: Swinging Strike 3-2: Foul Ball, location: 2F 3-2: Strikes out swinging
|
|
Batting: SHB Floyd-William Goof
|
0-0: Ball 1-0: Ball 2-0: Ball 3-0: SINGLE (Groundball, 34S, EV 66.9 MPH) (infield hit)
|
|
Batting: SHB Tze-meng Gan
|
0-0: Ball Floyd-William Goof steals 2nd base 1-0: Ball 2-0: Foul Ball, location: 2F 2-1: Ball 3-1: Ground out 4-3 (Groundball, 4S, EV 86.9 MPH) Floyd-William Goof to third
|
|
Batting: RHB Steve Bartman Jr.
|
0-0: Ball 1-0: Ball 2-0: Ball 3-0: Base on Balls
|
|
Pitching: LHP Mike Nimmo
|
|
|
Batting: RHB Corey Ottinger
|
0-0: Ball 1-0: Ball 2-0: Swinging Strike 2-1: DOUBLE (Line Drive, 89D, EV 109.4 MPH) Floyd-William Goof scores Steve Bartman Jr. to third Runner from 3rd tries for Home, SAFE, no throw by RF
|
|
Batting: RHB Ivan Colon
|
0-0: Ground out 6-3 (Groundball, 6, EV 86.3 MPH)
|
| Top of the 7th over - 2 runs, 2 hits, 0 errors, 1 left on base; Seattle 6 - Boston 2 |
| BOTTOM OF THE 7TH |
|
Boston Red Sox batting - Pitching for Seattle Mariners : RHP Bas Kooy
|
|
Batting: RHB Manny Vergara
|
0-0: Called Strike 0-1: Ball 1-1: Foul Ball, location: 2F 1-2: Foul Ball, location: 2F 1-2: SOLO HOME RUN (Flyball, 7D, EV 100.6 MPH), Distance : 406 ft
|
|
Batting: LHB Shoichi Aso
|
0-0: Ball 1-0: Ground out 6-3 (Groundball, 6, EV 83.8 MPH)
|
|
Batting: SHB Greg Prime
|
0-0: Ground out 4-3 (Groundball, 4, EV 86.3 MPH)
|
|
Batting: RHB Won-jun Park
|
0-0: Foul Ball, location: 2F 0-1: Ball 1-1: Swinging Strike 1-2: Foul Ball, location: 2F 1-2: Ball 2-2: Ball 3-2: Foul Ball, location: 2F 3-2: Strikes out swinging, 2-3 out at first.
|
| Bottom of the 7th over - 1 run, 1 hit, 0 errors, 0 left on base; Seattle 6 - Boston 3 |
| TOP OF THE 8TH |
|
Seattle Mariners batting - Pitching for Boston Red Sox : LHP Mike Nimmo
|
|
Pitching: RHP T.J. Balko
|
|
|
Batting: RHB Jonathan Rangel
|
0-0: DOUBLE (Groundball, 5L, EV 109.4 MPH)
|
|
Batting: RHB Young-kwang Ohnn
|
0-0: Ball 1-0: Foul Ball, location: 2F 1-1: Ground out 6-3 (Groundball, 6, EV 103.8 MPH)
|
|
Batting: LHB John Zumbo
|
0-0: Ball 1-0: Called Strike 1-1: Fly out, F9 (Flyball, 8RS, EV 77.5 MPH)
|
|
Batting: LHB Bi-jun Chien
|
0-0: Ball 1-0: Called Strike 1-1: Ball 2-1: Fly out, F8 (Flyball, 78XD, EV 95.0 MPH)
|
| Top of the 8th over - 0 runs, 1 hit, 0 errors, 1 left on base; Seattle 6 - Boston 3 |
| BOTTOM OF THE 8TH |
|
Boston Red Sox batting - Pitching for Seattle Mariners : RHP Bas Kooy
|
|
Pitching: LHP David Anaya
|
|
|
Batting: SHB Robbie Rogers
|
0-0: Ball 1-0: Ball 2-0: Foul Ball, location: 2F 2-1: Ground out 4-3 (Groundball, 4, EV 96.3 MPH)
|
|
Pinch Hitting: RHB Chris Lane
|
0-0: Ball 1-0: Ball 2-0: Ball 3-0: Foul Ball, location: 2F 3-1: Called Strike 3-2: Strikes out swinging
|
|
Batting: SHB Mark Rennie
|
0-0: Ball 1-0: Ball 2-0: Called Strike 2-1: Ground out 4-3 (Groundball, 4M, EV 79.4 MPH)
|
| Bottom of the 8th over - 0 runs, 0 hits, 0 errors, 0 left on base; Seattle 6 - Boston 3 |
| TOP OF THE 9TH |
|
Seattle Mariners batting - Pitching for Boston Red Sox : RHP T.J. Balko
|
|
Now at 2B: Chris Lane
|
|
|
Batting: SHB Floyd-William Goof
|
0-0: SINGLE (Line Drive, 9S, EV 90.6 MPH)
|
|
Batting: SHB Tze-meng Gan
|
0-0: SINGLE (Groundball, 4D, EV 105.6 MPH) Floyd-William Goof to second Runner from 2nd tries for 3rd, SAFE, no throw by CF
|
|
Batting: RHB Steve Bartman Jr.
|
0-0: Ball 1-0: Called Strike 1-1: SINGLE (Groundball, 34D, EV 108.8 MPH) Floyd-William Goof scores Tze-meng Gan to second Runner from 2nd tries for 3rd, OUT! 9-5 Steve Bartman Jr. to second
|
|
Batting: RHB Corey Ottinger
|
0-0: Called Strike 0-1: SINGLE (Line Drive, 6D, EV 97.5 MPH) Steve Bartman Jr. to third
|
|
Batting: RHB Ivan Colon
|
0-0: Ball 1-0: Called Strike 1-1: Swinging Strike 1-2: Ball 2-2: Ball 3-2: Strikes out looking Corey Ottinger is caught stealing 2nd base 2-4 Batter strikes out.
|
| Top of the 9th over - 1 run, 4 hits, 0 errors, 1 left on base; Seattle 7 - Boston 3 |
| BOTTOM OF THE 9TH |
|
Boston Red Sox batting - Pitching for Seattle Mariners : LHP David Anaya
|
|
Pitching: RHP David Sly
|
|
|
Batting: LHB Brian Gray
|
0-0: Foul Ball, location: 2F 0-1: SOLO HOME RUN (Line Drive, 9LD, EV 92.5 MPH), Distance : 327 ft
|
|
Batting: LHB Ernesto Cedillos
|
0-0: Foul Ball, location: 2F 0-1: Called Strike 0-2: Foul Ball, location: 2F 0-2: SINGLE (Groundball, 34D, EV 104.4 MPH)
|
|
Pinch Hitting: SHB Rich Chavez
|
0-0: Foul Ball, location: 2F 0-1: Ball 1-1: Swinging Strike 1-2: DOUBLE (Groundball, 5L, EV 104.4 MPH) Ernesto Cedillos to third
|
|
Batting: LHB Shoichi Aso
|
0-0: Ground out U3 (Groundball, 34, EV 87.5 MPH) Ernesto Cedillos scores Rich Chavez to third
|
|
Batting: SHB Greg Prime
|
0-0: Fly out, F8 (Flyball, 8LD, EV 91.9 MPH) Runner from 3rd tags up, SCORES, no throw by CF
|
|
Pinch Hitting: LHB Kevin McCormic Jr.
|
0-0: Called Strike 0-1: Ball 1-1: Fly out, F8 (Flyball, 8RM, EV 83.1 MPH)
|
| Bottom of the 9th over - 3 runs, 3 hits, 0 errors, 0 left on base; Seattle 7 - Boston 6 |
|